 Dungeon Crawl Stone Soup version 0.17-a0-1069-g92ad481 (webtiles) character file.

2053 HEYYEYAAE the Skirmisher (level 9, -4/64 HPs)
             Began as an Octopode Fighter on May 17, 2015.
             Was a Follower of Makhleb.
             Slain by an orc warrior
             ... wielding a +0 halberd
              (12 damage)
             ... on level 6 of the Dungeon.
             The game lasted 00:08:14 (4514 turns).

HEYYEYAAE the Skirmisher (Octopode Fighter)         Turns: 4514, Time: 00:08:14

Health: -4/64      AC:  1    Str: 21    XL:     9   Next: 25%
Magic:  9/9        EV: 14    Int: 13    God:    Makhleb [*.....]
Gold:   290        SH: 11    Dex: 13    Spells: 0 memorised, 8 levels left

rFire  x . .     SeeInvis .     a - +0 war axe
rCold  + . .     Clarity  .     b - +0 shield
rNeg   + . .     SustAb   .     (helmet restricted)
rPois  +         Gourm    .     (no amulet)
rElec  +         Spirit   .     i - ring of Galek {Ice rElec rPois rN+ MR-}
rCorr  .         Warding  .     (no ring)
rMut   .         Stasis   .     y - +5 ring of strength
MR     .....                    (no ring)
Stlth  ++........               (no ring)
                                (no ring)
                                (no ring)
                                (no ring)

@: not resistant to hostile enchantments, unstealthy
A: almost no armour, amphibious, 8 rings, constrict 8, camouflage 1, clever 1,
gelatinous body 1
a: Renounce Religion


You were on level 6 of the Dungeon.
You worshipped Makhleb.
Makhleb was aware of your devotion.
You were hungry.

You visited 2 branches of the dungeon, and saw 7 of its levels.

You collected 290 gold pieces.

Inventory:

Hand weapons
 a - a +0 war axe (weapon)
 j - a +1 whip of electrocution
 m - a cursed -2 whip
 u - a +0 flail of holy wrath
Missiles
 w - a javelin of penetration (quivered)
Armour
 b - a +0 shield (worn)
Jewellery
 i - the ring of Galek (left tentacle) {Ice rElec rPois rN+ MR-}
   (You found it on level 4 of the Dungeon)

   [ring of ice]

   It enhances your ice magic, and weakens your fire magic.
   It makes you vulnerable to fire.
   It protects you from cold.
   It insulates you from electricity.
   It protects you from poison.
   It protects you from negative energy.
   It affects your resistance to hostile enchantments.
 y - a +5 ring of strength (on tentacle)
Magical devices
 h - a wand of frost (33)
 o - a wand of digging (15)
 t - a wand of polymorph (0)
Scrolls
 c - 4 scrolls of identify
 f - 2 scrolls of teleportation
 g - 2 scrolls of enchant weapon
 l - 3 scrolls of enchant armour
 p - 3 scrolls of recharging
 q - 4 scrolls of remove curse
 x - a scroll of magic mapping
Potions
 e - 2 potions of degeneration
 r - 2 potions of brilliance
 v - 4 potions of poison
Comestibles
 d - 5 bread rations
 k - 4 meat rations
 n - a beef jerky
 s - a slice of pizza


   Skills:
 * Level 7.0 Fighting
 + Level 5.2 Axes
 * Level 6.9 Dodging
 * Level 6.9 Shields


You had 8 spell levels left.
You didn't know any spells.

Dungeon Overview and Level Annotations

Branches:
Dungeon (6/15)             Temple (1/1) D:5

Altars:
Ashenzari
Cheibriados
Dithmenos
Elyvilon
Fedhas
Gozag
Kikubaaqudgha
Makhleb
Nemelex Xobeh
Okawaru
Qazlal
Ru
Sif Muna
Trog
Vehumet
Xom
Yredelemnul
Zin
The Shining One

Annotations:
D:3 Ruokin's ghost, average HuSk
D:6 Grinder


Innate Abilities, Weirdness & Mutations

You cannot wear most types of armour.
You are amphibious.
You can wear up to eight rings at the same time.
You can use your tentacles to constrict eight enemies at once.
Your skin changes colour to match your surroundings (Stealth).
Your rubbery body absorbs attacks (AC +1).
Your mind is acute. (Int +2)


Message History

* * * LOW HITPOINT WARNING * * *
You hit the orc warrior but do no damage.
You squeeze the orc warrior, but do no damage.
The orc warrior is heavily wounded.
You constrict the orc warrior, but do no damage.
The orc warrior completely misses you.
Unknown command.
Drink which item? (? for menu, Esc to quit)
Okay, then.
Evoke which item? (* to show all) (? for menu, Esc to quit)
Okay, then.
You hit the orc warrior but do no damage.
You squeeze the orc warrior, but do no damage.
The orc warrior is heavily wounded.
You constrict the orc warrior. You block the orc warrior's attack.
You hit the orc warrior.
The orc warrior is almost dead.
You constrict the orc warrior, but do no damage.
The orc warrior hits you with a halberd!
You die...

.....#####....#......##
..............#.......###
......####.......#.......
.....## ##))###.#....##
....## #.......#.....## ##
....# #....#.....#...#o.#
..#.######....#.###.#....#.##
.#............#..o..#.......#
................@#...o.#....#
...###..###..###.#.###(#....#
....###..........#.....#....#
....# #####...#)...[#.......#
....###.......#.###.#.###..)#
........##....#.....#.......#
.....### #.......#.....#....#
.....#####...###(#.###.#...##
.........).......#.....#...#


You could see an orc warrior.

Vanquished Creatures
  Pikel (D:5)
  Edmund (D:4)
  Duvessa (D:6)
  2 phantoms (D:5)
  A necrophage (D:5)
  An ice beast (D:6)
  A black bear (D:6)
  A slave (D:5)
  An ogre (D:4)
  Dowan (D:6)
  A giant frog (D:6)
  A wight (D:6)
  2 crimson imps
  A quasit (D:5)
  A centaur skeleton (D:4)
  2 hounds
  An iguana (D:5)
  An orc wizard (D:4)
  3 orc priests
  4 worker ants
  Terence (D:2)
  A hound zombie (D:6)
  A hound skeleton (D:5)
  4 gnolls (D:6)
  6 adders
  An adder zombie (D:5)
  6 worms
  8 giant geckos
  18 orcs
  A bat skeleton (D:4)
  4 giant cockroaches
  9 hobgoblins
  2 quokkas
  12 bats
  3 giant newts (D:3)
  10 goblins
  3 jackals (D:2)
  13 kobolds
  A quokka skeleton (D:5)
  12 rats
144 creatures vanquished.

Vanquished Creatures (others)
  3 slaves (D:6)
  A wight (D:6)
  A goblin (D:6)
  A rat (D:6)
6 creatures vanquished.

Grand Total: 150 creatures vanquished

Notes
Turn   | Place    | Note
--------------------------------------------------------------
     0 | D:1      | HEYYEYAAE the Octopode Fighter began the quest for the Orb.
     0 | D:1      | Reached XP level 1. HP: 16/16 MP: 1/1
   126 | D:1      | Reached XP level 2. HP: 9/21 MP: 2/2
   774 | D:2      | Noticed Terence
   775 | D:2      | Reached XP level 3. HP: 26/26 MP: 3/3
   783 | D:2      | Killed Terence
   809 | D:2      | Gained mutation: Your mind is acute. (Int +2) [potion of beneficial mutation]
   809 | D:2      | Reached XP level 4. HP: 8/31 MP: 4/4
  1469 | D:2      | Found a deep blue altar of Sif Muna.
  1516 | D:3      | Reached XP level 5. HP: 5/37 MP: 5/5
  1648 | D:3      | Reached skill level 4 in Dodging
  2019 | D:3      | Noticed Ruokin's ghost (average HuSk)
  2039 | D:4      | Got a shimmering glass ring
  2040 | D:4      | Identified the ring of Galek {Ice rElec rPois rN+ MR-} (You found it on level 4 of the Dungeon)
  2095 | D:4      | Noticed Edmund
  2109 | D:4      | Killed Edmund
  2109 | D:4      | Reached XP level 6. HP: 40/43 MP: 6/6
  2449 | D:4      | Noticed an ogre
  2461 | D:4      | Killed an ogre
  2461 | D:4      | Reached XP level 7. HP: 8/49 MP: 7/7
  2954 | D:5      | Entered Level 5 of the Dungeon
  3053 | D:5      | Reached skill level 5 in Dodging
  3118 | D:5      | Reached skill level 5 in Fighting
  3118 | D:5      | Reached skill level 5 in Shields
  3301 | D:5      | Found an iron altar of Okawaru.
  3346 | D:5      | Found a staircase to the Ecumenical Temple.
  3377 | Temple   | Entered the Ecumenical Temple
  3477 | Temple   | Became a worshipper of Makhleb the Destroyer
  3714 | D:5      | Reached XP level 8. HP: 43/56 MP: 8/8
  3819 | D:6      | Noticed Pikel
  3949 | D:5      | Killed Pikel
  3949 | D:5      | Reached skill level 6 in Fighting
  4030 | D:6      | Reached XP level 9. HP: 40/63 MP: 9/9
  4049 | D:6      | Noticed Grinder
  4174 | D:6      | Acquired Makhleb's first power
  4333 | D:6      | Reached skill level 5 in Axes
  4398 | D:6      | Noticed Duvessa
  4404 | D:6      | Killed Duvessa
  4406 | D:6      | Noticed Dowan
  4430 | D:6      | Killed Dowan
  4430 | D:6      | Reached skill level 7 in Fighting
  4514 | D:6      | Slain by an orc warrior

Vault maps used:
D:1:      minmay_arrival_five_plusses
D:2:      led_sif_pool, uniq_terence
D:3:      portal_sewer_entry_d, first_bread, solitary_fountain
D:4:      kennysheep_generic_room_3, uniq_edmund
D:5:      temple_green, basic_altar
D:6:      hangedman_cross_stitches, hangedman_abyss_or_decor_slice, uniq_pikel,
          uniq_duvessa, uniq_grinder
Temple:   kilobyte_greek_temple_18

Action                   |  1- 3 |  4- 6 |  7- 9 || total
-------------------------+-------+-------+-------++-------
Melee: War axe           |    45 |   111 |   168 ||   324
       Unarmed           |       |     9 |       ||     9
Throw: Javelin           |       |       |     1 ||     1
Evoke: Wand              |       |     1 |       ||     1
  Use: Potion            |     1 |     7 |     3 ||    11
       Scroll            |       |    10 |     3 ||    13
 Stab: Sleeping          |     1 |     2 |       ||     3
       Distracted        |       |       |     1 ||     1
  Eat: Chunk             |       |     5 |     4 ||     9
       Pizza             |       |       |     1 ||     1
       Beef jerky        |       |       |     1 ||     1
